 Dungeon Crawl Stone Soup version 0.21.1-1-g345015f (webtiles) character file.

123 Bibiz0n the Slinger (level 5, -3/34 HPs)
             Began as a Halfling Hunter on Apr 11, 2018.
             Was an Initiate of Nemelex Xobeh.
             Slain by a gnoll
             ... wielding a +0 halberd
              (8 damage)
             ... on level 2 of the Dungeon.
             The game lasted 00:11:22 (2011 turns).

Bibiz0n the Slinger (Halfling Hunter)               Turns: 2011, Time: 00:11:23

Health: -3/34      AC:  5    Str: 13    XL:     5   Next: 29%
Magic:  5/5        EV: 13    Int:  9    God:    Nemelex Xobeh [......]
Gold:   54         SH:  0    Dex: 16    Spells: 4/4 levels left

rFire    . . .     SeeInvis .   b - +0 short sword
rCold    . . .     Gourm    .   (shield restricted)
rNeg     . . .     Faith    .   k - +0 ring mail
rPois    .         Spirit   .   (no helmet)
rElec    .         Reflect  .   (no cloak)
rCorr    .         Harm     .   (no gloves)
MR       .....                  (no boots)
Stlth    +.........             (no amulet)
HPRegen  0.11/turn              (no ring)
MPRegen  0.09/turn              (no ring)

@: no status effects
A: small, mutation resistance 1
a: Renounce Religion


You were on level 2 of the Dungeon.
You worshipped Nemelex Xobeh.
Nemelex Xobeh was noncommittal.
You were not hungry.

You visited 1 branch of the dungeon, and saw 2 of its levels.

You collected 54 gold pieces.

Inventory:

Hand Weapons
 a - a +1 hunting sling
 b - a +0 short sword (weapon)
Missiles
 g - 40 stones (quivered)
Armour
 c - a +0 chain mail
 k - a +0 ring mail (worn)
Scrolls
 d - a scroll of teleportation {unknown}
 h - a scroll of remove curse {unknown}
 i - 2 scrolls of amnesia {unknown}
 l - a scroll of enchant armour {unknown}
 m - a scroll of identify {unknown}
Potions
 e - a potion of might {unknown}
 j - a potion of curing
 n - a potion of degeneration {unknown}
 o - a potion of heal wounds {unknown}
 p - a potion of cancellation {unknown}
 r - a potion of brilliance {unknown}
Miscellaneous
 q - a plain deck of summoning
Comestibles
 f - 6 rations


   Skills:
 - Level 1.7 Fighting
 * Level 8.4(8.5) Slings
 * Level 1.5(3.9) Throwing
 + Level 0.8 Armour
 + Level 2.2 Dodging
 + Level 1.1 Stealth


You had 4 spell levels left.
You didn't know any spells.

Dungeon Overview and Level Annotations

Branches:
Dungeon (2/15)

Altars:
Elyvilon
Nemelex Xobeh


Innate Abilities, Weirdness & Mutations

You are small and have problems with some larger weapons.
You are somewhat resistant to further mutation.


Message History

The gnoll hits you from afar with a halberd!
* * * LOW HITPOINT WARNING * * *
You feel better. The gnoll closely misses you.
The gnoll hits you from afar with a halberd.
* * * LOW HITPOINT WARNING * * *
Wield which item (- for none, * to show all)? (? for menu, Esc to quit)
b - a +0 short sword (weapon)
You hit the gnoll but do no damage.
The gnoll is moderately wounded.
The gnoll hits you but does no damage. The gnoll barely misses you.
You hit the gnoll.
The gnoll is moderately wounded.
The gnoll hits you.
* * * LOW HITPOINT WARNING * * *
The gnoll closely misses you. The gnoll hits you but does no damage.
You hit the gnoll.
The gnoll is severely wounded.
The gnoll hits you from afar with a halberd!
You die...
Your body disappears without a glow.

#.## #...[# #.# ##>###.#####
#.# ##.#.# ###.#.#
##..###.... ########
#.###††##..# .......#
#.........# ######.#
####..##..# #.# ####..##..#
#.# #(g@..##..#####.
#.##8(..(g##............
######.##..(.#####...#....###
.......#((... ##....####
######.#_.⌠.######....##
.......#....#.........#
######.##.. ######...##
######.##### ##.##
.).....###.# #...


You could see 2 gnolls.

Vanquished Creatures
  2 gnolls
  4 adders (D:2)
  3 oozes
  A dart slug (D:1)
  2 leopard geckos
  An orc (D:2)
  3 giant cockroaches
  4 goblins (D:2)
  7 hobgoblins
  4 jackals (D:1)
  2 quokkas (D:2)
  2 ball pythons (D:1)
  8 bats
  4 kobolds
  5 rats
52 creatures vanquished.

Notes
Turn   | Place    | Note
-------+----------+-------------------------------------------
     0 | D:1      | Bibiz0n the Halfling Hunter began the quest for the Orb.
     0 | D:1      | Reached XP level 1. HP: 14/14 MP: 1/1
    10 | D:1      | Reached skill level 6 in Slings
    16 | D:1      | Reached XP level 2. HP: 17/19 MP: 2/2
   144 | D:1      | Reached skill level 7 in Slings
   144 | D:1      | Reached XP level 3. HP: 24/24 MP: 3/3
  1085 | D:2      | Reached XP level 4. HP: 29/29 MP: 4/4
  1105 | D:2      | Found a sparkling altar of Nemelex Xobeh.
  1109 | D:2      | Became a worshipper of Nemelex Xobeh the Trickster
  1143 | D:2      | Received a gift from Nemelex Xobeh
  1264 | D:2      | Reached skill level 1 in Throwing
  1622 | D:2      | Reached skill level 8 in Slings
  1914 | D:2      | Reached XP level 5. HP: 34/34 MP: 5/5
  1977 | D:2      | Found a white marble altar of Elyvilon.
  2001 | D:2      | HP: 1/34 [gnoll/halberd (11)]
  2011 | D:2      | Slain by a gnoll

Skill      XL: |  1  2  3  4 |
---------------+-------------+-----
Slings         | 6 7 8 |  8.4
Throwing       | 1 |  1.5
Fighting       | |  1.7
Armour         | |  0.8
Dodging        | |  2.2
Stealth        | |  1.1

Action                   |  1- 3 |  4- 6 || total
-------------------------+-------+-------++-------
Melee: Short sword       |       |     3 ||     3
 Fire: Hunting sling     |    65 |   107 ||   172
  Use: Potion            |       |     3 ||     3
  Eat: Chunk             |       |     3 ||     3
Armor: Leather armour    |     4 |       ||     4
       Ring mail         |     1 |     9 ||    10
Dodge: Dodged            |    12 |    27 ||    39
